 Dungeon Crawl Stone Soup version 0.29.1 (webtiles) character file.

Game seed: 16123543120100254498

103194 qw the Severer (level 15, -3/147 HPs)
             Began as a Minotaur Berserker on Sept 13, 2022.
             Was a High Priest of Trog.
             Killed from afar by a will-o-the-wisp (9 damage)
             ... with a foxfire
             ... on level 2 of the Swamp.
             The game lasted 00:10:00 (29337 turns).

qw the Severer (Minotaur Berserker)                Turns: 29337, Time: 00:10:00

Health: -3/147     AC: 27    Str: 31    XL:     15   Next: 88%
Magic:  14/14      EV: 22    Int: 11    God:    Trog [*****.]
Gold:   709        SH: 17    Dex: 10    Spells: 14/14 levels left

rFire   . . .      SeeInvis .   f - +9 broad axe of the Bouncing Spirits {venom, Will+ Str+2}
rCold   + . .      Faith    .   s - +0 kite shield
rNeg    + + +      Spirit   .   q - +1 plate armour "Isutt" {rElec}
rPois   +          Reflect  +   (helmet restricted)
rElec   +          Harm     .   z - +1 cloak of Starlight {*Dazzle EV+4 Stlth--}
rCorr   .          Rampage  .   a - +2 pair of gloves
Will    ++...                   x - +2 pair of boots
Stlth   ..........              i - amulet "Wececose" {Reflect *Slow rPois rN+++ Int+3 SH+5}
HPRegen 0.34/turn               l - ring of Entrepreneurial Spirit {rPois rC+ EV+4 Int+4}
MPRegen 0.14/turn               w - +4 ring of evasion

@: about to teleport, marked, on berserk cooldown, slowed, very slow
A: horns 2, retaliatory headbutt
a: Renounce Religion, Berserk, Trog's Hand, Brothers in Arms


You were on level 2 of the Swamp.
You worshipped Trog.
Trog was extremely pleased with you.
You visited 4 branches of the dungeon, and saw 24 of its levels.

You collected 3280 gold pieces.
You spent 2571 gold pieces at shops.


Innate Abilities, Weirdness & Mutations

You have a pair of horns on your head.
You reflexively headbutt those who attack you in melee.


   Skills:
 - Level 17.1 Fighting
 - Level 18.1 Axes
 - Level 8.0 Throwing
 - Level 15.0 Armour
 - Level 7.0 Dodging
 + Level 15.4 Shields


You had 14 spell levels left.
You didn't know any spells.
Your spell library was empty.

Inventory:

Hand Weapons
 f - the +9 broad axe of the Bouncing Spirits (weapon) {venom, Will+ Str+2}
   (You found it on level 8 of the Dungeon)

   It poisons the flesh of those it strikes.
   Str:       It affects your strength (+2).
   Will:      It increases your willpower.
 h - a +1 demon whip of electrocution
Missiles
 n - 8 boomerangs (quivered)
 C - a javelin
Armour
 a - a +2 pair of gloves (worn)
 k - +0 fire dragon scales
 q - the +1 plate armour "Isutt" (worn) {rElec}
   (You found it on level 9 of the Dungeon)

   rElec:     It insulates you from electricity.
 s - a +0 kite shield (worn)
 x - a +2 pair of boots (worn)
 z - the +1 cloak of Starlight (worn) {*Dazzle EV+4 Stlth--}
   (You found it on level 5 of the Lair of Beasts)

   It may blind those who miss an attack against the wearer in melee combat.
   EV:        It affects your evasion (+4).
   Stlth:     It makes you much less stealthy.
Jewellery
 i - the amulet "Wececose" (around neck) {Reflect *Slow rPois rN+++ Int+3 SH+5}
   (You bought it in a shop on level 10 of the Dungeon)

   [amulet of reflection]

   It reflects blocked missile attacks.
   Int:       It affects your intelligence (+3).
   rPois:     It protects you from poison.
   rN:        It renders you almost immune to negative energy.
   *Slow:     It may slow you when you take damage.
   SH:        It affects your SH (+5).
 l - the ring of Entrepreneurial Spirit (left hand) {rPois rC+ EV+4 Int+4}
   (You found it on level 3 of the Dungeon)

   [ring of evasion]

   EV:        It affects your evasion (+4).
   Int:       It affects your intelligence (+4).
   rC:        It protects you from cold.
   rPois:     It protects you from poison.
 t - a ring of fire
 v - the amulet of Starshine {Faith rCorr Dex+6}
   (You bought it in a shop on level 2 of the Orcish Mines)

   [amulet of faith]

   It allows you to gain divine favour quickly.
   Dex:       It affects your dexterity (+6).
   rCorr:     It protects you from acid and corrosion.
 w - a +4 ring of evasion (right hand)
Wands
 m - a wand of digging (14)
Scrolls
 b - 12 scrolls of identify
 o - 2 scrolls of enchant armour
 y - 3 scrolls of enchant weapon
Potions
 c - 5 potions of mutation
 d - 16 potions of curing
 e - 5 potions of might
 g - 3 potions of haste
 j - 3 potions of cancellation
 r - a potion of resistance
 B - 5 potions of heal wounds

Dungeon Overview and Level Annotations

Branches:
Dungeon (15/15)            Temple (0/1) D:4            Lair (5/5) D:9
  Swamp (2/4) Lair:2        Snake (0/4) Lair:3        Slime (0/5) Lair:5
    Orc (2/2) D:9             Elf (0/3) Orc:2        Vaults (0/5) D:13
 Depths (0/4) D:15

Altars:
Ashenzari
Gozag
Hepliaklqana
Makhleb
Okawaru
Qazlal
Ru
Sif Muna
Uskayaw
Vehumet
Yredelemnul

Shops:
D:10 =   D:13 *   D:14 (   D:15 ?   Orc:2 *?*:*(

Annotations:
D:4 1 runed translucent door, Crazy Yiuf
D:11 2 runed translucent doors, qw's ghost, journeyman MiBe


Message History

A spriggan rider is nearby!
Found a potion of heal wounds.
Something barely misses your iron troll.
Your iron troll disappears in a puff of smoke!
The will-o-the-wisp gestures.
The will-o-the-wisp conjures some foxfire!
The spriggan rider completely misses you.
The spriggan rider misses you. You furiously retaliate!
You headbutt the spriggan rider. 2 foxfires come into view.
You slice the spriggan rider!!
The spriggan rider looks as sick as possible!
The spriggan rider is heavily wounded.
Your deep troll bites the spriggan rider!!!
The spriggan rider dies!
Trog accepts your kill.
The hornet dies!
Trog accepts your kill.
You hear a splash.
The foxfire hits your deep troll!! x2
You enter the shallow water.
Moving in this stuff is going to be slow.
Your deep troll is engulfed in a cloud of scalding steam.
Your deep troll dies!
Your deep troll's corpse disappears in a puff of smoke!
The will-o-the-wisp gestures.
The will-o-the-wisp conjures some foxfire! 2 foxfires come into view.
The foxfire hits you! The foxfire hits you!!
The swamp dragon breathes poison at you.
The blast of poison engulfs the will-o-the-wisp.
The will-o-the-wisp completely resists.
The will-o-the-wisp gestures.
The will-o-the-wisp conjures some foxfire! 2 foxfires come into view.
29337 ||| READING scroll of teleportation.
As you read the scroll of teleportation, it crumbles to dust.
You feel strangely unstable. The foxfire hits you!
You die...

~......~. 77 .¤~..~~.. .7 .
....~.~. .7 77 7
.#..)...~~77.77¤77 7
.[..#.....?7.~.~..~
....!.#...7.0¤.7~~~ ..
....##..#.)0vvD..~~~~~.~~...
#.%)....0@v0n~~~~~..~... .
.##..!..=..077¤~~~7~...~.~~~
.....)......7 .~...~..~~.[.
....#.#.!..77 .~.~~~~~~~777
.##...##...7 7~~77¤~....7~
.... ..~.7 77.~~.~~.7T%>7
###.. ....77 7~7.7~%~.v....
.. ..7~77 7.7.¤~.~vv%%~~


777 77 7...~~.)~..~~~ You could see a swamp dragon (catching breath), a
will-o-the-wisp and a bog body.

Vanquished Creatures
  Jorgrun (Orc:2)
  A fenstrider witch (Swamp:2)
  Donald (Swamp:2)
  A fire giant (D:15)
  An eleionoma (Swamp:2)
  3 dire elephants (Lair:5)
  A fire dragon (Lair:5)
  8 vault guards (D:13)
  Josephine (Orc:2)
  3 boulder beetles
  2 hydras
  2 catoblepae
  Erica (D:9)
  4 centaur warriors
  5 alligators
  8 death yaks
  A tengu warrior (D:14)
  2 orc high priests (Orc:1)
  A spriggan (Swamp:1)
  A spectral death yak (Lair:5)
  6 skeletal warriors
  A swamp dragon (Swamp:1)
  A goliath frog (Swamp:1)
  A spriggan druid (Swamp:1)
  A spectral anaconda (Lair:5)
  2 bog bodies
  An obsidian statue (Lair:5)
  A wizard (D:15)
  3 necromancers (Lair:5)
  5 deep elf pyromancers
  4 orc knights
  6 ugly things
  2 orc sorcerers
  11 slime creatures
  2 cyclopes (D:12)
  A dire elephant zombie (Lair:5)
  7 elephants (Lair:5)
  4 black mambas
  Joseph (D:10)
  An unseen horror (D:11)
  4 gargoyles
  15 rime drakes
  Maggie (D:8)
  11 cane toads
  3 freezing wraiths (D:15)
  3 kobold demonologists (D:10)
  4 tengu conjurers (D:14)
  11 komodo dragons
  12 trolls
  3 meliai (D:13)
  A bloated husk (Swamp:1)
  3 tyrant leeches (Swamp:1)
  A hornet (Swamp:1)
  4 polar bears
  5 dream sheep (Lair:3)
  A spectral elephant (Lair:5)
  12 blink frogs
  A centaur simulacrum (D:14)
  3 wyverns
  Sigmund (D:4)
  A vampire (D:11)
  7 wraiths
  16 yaks
  15 steam dragons
  4 basilisks
  A death yak simulacrum (Lair:5)
  15 vampire mosquitoes
  A harpy simulacrum (D:15)
  6 swamp worms
  3 wargs (Orc:1)
  3 nagas (Lair:3)
  A spectral cane toad (Lair:5)
  8 water moccasins
  2 swamp drakes
  2 black bears
  A meliai simulacrum (D:15)
  2 ice beasts
  A sky beast (D:7)
  41 orc warriors
  4 elephant zombies (Lair:5)
  6 ogres
  20 centaurs
  An elephant skeleton (Lair:5)
  15 wolves
  2 phantoms (D:5)
  Blork the orc (D:6)
  2 kobold brigands
  7 bullfrogs
  A necrophage (D:4)
  A gnoll sergeant (D:9)
  10 wights (D:8)
  7 killer bees (D:9)
  2 elephant simulacra (Lair:5)
  4 howler monkeys
  An electric eel (D:15)
  7 hounds
  2 jellies
  21 orc priests
  A gnoll bouda (D:7)
  Ijyb (D:4)
  Natasha (thrice) (D:4)
  5 iguanas
  34 orc wizards
  10 adders
  11 gnolls
  2 shadow imps (D:7)
  A white imp (D:15)
  An ufetubus (D:15)
  4 worms
  2 dart slugs
  102 orcs
  8 endoplasms
  2 giant cockroaches
  5 goblins
  7 hobgoblins
  2 quokkas
  10 ball pythons
  3 bats
  3 frilled lizards
  16 kobolds
  3 rats
688 creatures vanquished.

Vanquished Creatures (collateral kills)
  A ghost crab (Swamp:2)
  An orc high priest (Orc:2)
  A spriggan (Swamp:2)
  A goliath frog (Swamp:2)
  A swamp dragon (Swamp:2)
  A hornet (Swamp:2)
  A tyrant leech (Swamp:2)
  4 vampire mosquitoes (Swamp:2)
  A swamp worm (Swamp:2)
  An orc priest (Orc:2)
  An orc (Orc:2)
14 creatures vanquished.

Vanquished Creatures (others)
  A rime drake (Lair:5)
  A bloated husk (Swamp:1)
  16 foxfires (Swamp:2)
  35 fungi
  41 plants
  3 toadstools (D:5)
  32 withered plants (Lair:5)
129 creatures vanquished.

Grand Total: 831 creatures vanquished

Notes
Turn   | Place    | Note
-------+----------+-------------------------------------------
     0 | D:1      | qw the Minotaur Berserker began the quest for the Orb.
     0 | D:1      | Reached XP level 1. HP: 19/19 MP: 0/0
     0 | D:1      | 0 ||| qw: Version: 0.1-a-119-g272c26d
     0 | D:1      | 0 ||| qw: Game counter: 11307
     0 | D:1      | 0 ||| qw: Always use a shield: true
     0 | D:1      | 0 ||| qw: Do Orc after D:15 true
     0 | D:1      | 0 ||| qw: Do second Lair branch before Depths: true
     0 | D:1      | 0 ||| qw: Lair rune preference: random
     0 | D:1      | 0 ||| qw: Plans: Normal
     0 | D:1      | 0 ||| PLANNING D:1-11
    48 | D:1      | 48 ||| INVOKING Berserk.
   286 | D:1      | Found a faded altar of an unknown god.
   368 | D:1      | Reached skill level 4 in Axes
   381 | D:1      | 381 ||| Stepping ~*~*~tactically~*~*~ (stealth).
   385 | D:1      | 385 ||| Stepping ~*~*~tactically~*~*~ (stealth).
   405 | D:1      | Reached XP level 2. HP: 26/26 MP: 1/1
   797 | D:1      | 797 ||| Stepping ~*~*~tactically~*~*~ (stealth).
   888 | D:1      | 888 ||| READING scroll labelled NORUCLEEWK.
   889 | D:1      | 889 ||| READING scroll labelled JOSAFA HARUU.
   916 | D:2      | Reached skill level 5 in Axes
   916 | D:2      | 916 ||| STAIRDANCE
  1111 | D:2      | Reached XP level 3. HP: 30/31 MP: 2/2
  1161 | D:2      | 1161 ||| Stepping ~*~*~tactically~*~*~ (stealth).
  1215 | D:2      | 1215 ||| Stepping ~*~*~tactically~*~*~ (stealth).
  1254 | D:2      | 1254 ||| DROPPING +0 whip.
  1287 | D:2      | Found a radiant altar of Vehumet.
  1291 | D:2      | 1291 ||| Stepping ~*~*~tactically~*~*~ (stealth).
  1453 | D:2      | 1453 ||| Stepping ~*~*~tactically~*~*~ (stealth).
  1576 | D:2      | 1576 ||| INVOKING Berserk.
  1826 | D:2      | 1826 ||| UPGRADING to +0 pair of gloves.
  1831 | D:2      | 1831 ||| UPGRADING to +0 leather armour.
  1841 | D:2      | 1841 ||| DROPPING +0 animal skin.
  1842 | D:2      | 1842 ||| READING scroll labelled JIDYES BOORCHO.
  1843 | D:2      | 1843 ||| READING scroll labelled HOUSUTI ILEMU.
  1844 | D:2      | 1844 ||| READING scroll labelled FOPESM ECYRGHESO.
  1845 | D:2      | 1845 ||| Stepping randomly (stuck).
  1846 | D:2      | 1846 ||| Stepping ~*~*~tactically~*~*~ (cloud).
  1854 | D:2      | HP: 7/31 [poisoned by you (poison gas)]
  2126 | D:2      | 2126 ||| Stepping ~*~*~tactically~*~*~ (stealth).
  2131 | D:2      | 2131 ||| INVOKING Berserk.
  2284 | D:3      | 2284 ||| Stepping ~*~*~tactically~*~*~ (stealth).
  2290 | D:3      | 2290 ||| Stepping ~*~*~tactically~*~*~ (stealth).
  2297 | D:3      | 2297 ||| INVOKING Berserk.
  2301 | D:3      | Reached skill level 6 in Axes
  2301 | D:3      | Reached XP level 4. HP: 39/39 MP: 3/3
  2412 | D:3      | 2412 ||| DROPPING +4 whip.
  2433 | D:3      | 2433 ||| Stepping ~*~*~tactically~*~*~ (hiding).
  2448 | D:3      | 2448 ||| Stepping ~*~*~tactically~*~*~ (stealth).
  2465 | D:3      | Found a shimmering blue altar of Sif Muna.
  2466 | D:3      | 2466 ||| Stepping ~*~*~tactically~*~*~ (stealth).
  2497 | D:3      | 2497 ||| INVOKING Berserk.
  2501 | D:3      | Reached skill level 1 in Throwing
  2673 | D:3      | Reached XP level 5. HP: 41/45 MP: 4/4
  2794 | D:3      | Identified the ring of Entrepreneurial Spirit {rPois rC+
                  | EV+4 Int+4}
  3133 | D:3      | 3133 ||| Stepping ~*~*~tactically~*~*~ (stealth).
  3310 | D:3      | 3310 ||| UPGRADING to +0 ring mail.
  3320 | D:3      | 3320 ||| DROPPING +0 leather armour.
  3321 | D:3      | 3321 ||| UPGRADING to ring of Entrepreneurial Spirit {rPois
                  | rC+ EV+4 Int+4}.
  3322 | D:3      | 3322 ||| READING scroll labelled LAOZ REYZAQA.
  3323 | D:3      | 3323 ||| READING scroll labelled FUSORYO YTUWIMM.
  3324 | D:3      | 3324 ||| DRINKING 3 sedimented dark potions.
  3346 | D:4      | Noticed a centaur
  3347 | D:4      | 3347 ||| Stepping ~*~*~tactically~*~*~ (hiding).
  3354 | D:4      | Killed a centaur
  3355 | D:4      | Reached skill level 7 in Axes
  3463 | D:4      | Found a broken altar of Ashenzari.
  3482 | D:4      | Reached XP level 6. HP: 45/52 MP: 5/5
  3603 | D:4      | Noticed Natasha
  3605 | D:4      | Found a staircase to the Ecumenical Temple.
  3606 | D:4      | 3606 ||| INVOKING Berserk.
  3613 | D:4      | Killed Natasha
  3633 | D:4      | 3633 ||| Stepping ~*~*~tactically~*~*~ (stealth).
  3813 | D:4      | 3813 ||| Stepping ~*~*~tactically~*~*~ (hiding).
  3817 | D:4      | 3817 ||| INVOKING Berserk.
  3826 | D:4      | Reached skill level 8 in Axes
  3832 | D:4      | 3832 ||| Stepping ~*~*~tactically~*~*~ (stealth).
  4052 | D:4      | Noticed Natasha
  4053 | D:4      | 4053 ||| Stepping ~*~*~tactically~*~*~ (stealth).
  4055 | D:4      | 4055 ||| Stepping ~*~*~tactically~*~*~ (hiding).
  4058 | D:4      | 4058 ||| INVOKING Berserk.
  4059 | D:4      | Killed Natasha
  4180 | D:4      | Noticed Ijyb
  4183 | D:4      | 4183 ||| INVOKING Berserk.
  4190 | D:4      | Killed Ijyb
  4321 | D:4      | Noticed Natasha
  4325 | D:4      | 4325 ||| INVOKING Berserk.
  4328 | D:4      | Killed Natasha
  4433 | D:4      | Reached skill level 9 in Axes
  4433 | D:4      | Reached XP level 7. HP: 53/59 MP: 6/6
  4465 | D:4      | 4465 ||| INVOKING Berserk.
  4623 | D:4      | 4623 ||| INVOKING Berserk.
  4749 | D:4      | 4749 ||| Stepping ~*~*~tactically~*~*~ (stealth).
  4750 | D:4      | 4750 ||| Stepping ~*~*~tactically~*~*~ (stealth).
  4751 | D:4      | Reached ** piety under Trog
  4880 | D:4      | Noticed Sigmund
  4883 | D:4      | 4883 ||| INVOKING Berserk.
  4891 | D:4      | Killed Sigmund
  5012 | D:4      | Identified the +4 hammer "Ukefaigg" {vorpal, +Blink Int-5
                  | SInv Stlth+}
  5014 | D:4      | Found a runed translucent door.
  5015 | D:4      | Noticed Crazy Yiuf
  5253 | D:4      | 5253 ||| UPGRADING to +0 plate armour.
  5263 | D:4      | 5263 ||| DROPPING +0 ring mail.
  5264 | D:4      | 5264 ||| DROPPING amulet of magic regeneration.
  5265 | D:4      | 5265 ||| READING 3 scrolls labelled PUUVEA BOXU.
  5308 | D:4      | 5308 ||| DRINKING 2 fuming purple potions.
  5309 | D:4      | 5309 ||| READING 2 scrolls of identify.
  5309 | D:4      | 5309 ||| IDENTIFYING white potion
  5310 | D:4      | 5310 ||| DROPPING potion of degeneration.
  5331 | D:5      | Entered Level 5 of the Dungeon
  5347 | D:5      | Reached skill level 3 in Armour
  5397 | D:5      | 5397 ||| Stepping ~*~*~tactically~*~*~ (stealth).
  5413 | D:5      | 5413 ||| INVOKING Berserk.
  5417 | D:5      | Reached XP level 8. HP: 68/68 MP: 7/7
  5418 | D:5      | Reached skill level 10 in Axes
  5540 | D:5      | Found a stormy altar of Qazlal.
  5660 | D:5      | Reached skill level 6 in Fighting
  6132 | D:5      | 6132 ||| UPGRADING to +0 pair of boots.
  6137 | D:5      | 6137 ||| READING scroll labelled XUPHUEWIKO.
  6138 | D:5      | 6138 ||| READING scroll labelled GOCSEOKHLOTEU.
  6139 | D:5      | 6139 ||| DRINKING 2 murky cyan potions.
  6140 | D:5      | 6140 ||| DROPPING potion of invisibility.
  6246 | D:6      | Noticed Blork the orc
  6249 | D:6      | 6249 ||| INVOKING Berserk.
  6251 | D:6      | Killed Blork the orc
  6269 | D:6      | HP: 15/71 [steam dragon/ball of steam (17)]
  6270 | D:6      | 6270 ||| READING 2 scrolls of teleportation.
  6272 | D:6      | HP: 7/71 [steam dragon/ball of steam (4)]
  6274 | D:6      | 6274 ||| DRINKING 2 potions of curing.
  6274 | D:6      | 6274 ||| (to cure confusion)
  6275 | D:6      | 6275 ||| READING scroll of teleportation.
  6325 | D:6      | 6325 ||| FLEEEEING.
  6335 | D:6      | 6335 ||| STAIRDANCE
  6559 | D:6      | 6559 ||| Stepping ~*~*~tactically~*~*~ (stealth).
  6560 | D:6      | 6560 ||| Stepping ~*~*~tactically~*~*~ (stealth).
  6561 | D:6      | 6561 ||| Stepping ~*~*~tactically~*~*~ (stealth).
  6602 | D:6      | 6602 ||| Stepping ~*~*~tactically~*~*~ (stealth).
  6603 | D:6      | 6603 ||| Stepping ~*~*~tactically~*~*~ (stealth).
  6604 | D:6      | 6604 ||| Stepping ~*~*~tactically~*~*~ (stealth).
  6608 | D:6      | 6608 ||| Stepping ~*~*~tactically~*~*~ (hiding).
  6611 | D:6      | 6611 ||| INVOKING Berserk.
  6663 | D:6      | Reached skill level 11 in Axes
  6664 | D:6      | 6664 ||| INVOKING Berserk.
  6665 | D:6      | 6665 ||| INVOKING Berserk.
  6676 | D:6      | 6676 ||| Stepping ~*~*~tactically~*~*~ (cloud).
  6730 | D:6      | 6730 ||| Stepping ~*~*~tactically~*~*~ (stealth).
  6815 | D:6      | Found a burning altar of Makhleb.
  6862 | D:6      | 6862 ||| DROPPING +0 morningstar.
  6943 | D:6      | 6943 ||| Stepping ~*~*~tactically~*~*~ (stealth).
  6944 | D:6      | 6944 ||| Stepping ~*~*~tactically~*~*~ (stealth).
  6945 | D:6      | 6945 ||| Stepping ~*~*~tactically~*~*~ (stealth).
  6997 | D:6      | Found a hide-covered altar of Uskayaw.
  7004 | D:6      | 7004 ||| DROPPING scarf of invisibility.
  7005 | D:6      | 7005 ||| DRINKING 2 orange potions.
  7047 | D:7      | Reached skill level 12 in Axes
  7304 | D:7      | Reached XP level 9. HP: 73/78 MP: 8/8
  7464 | D:7      | 7464 ||| FLEEEEING.
  7465 | D:7      | 7465 ||| FLEEEEING.
  7466 | D:7      | 7466 ||| FLEEEEING.
  7467 | D:7      | 7467 ||| FLEEEEING.
  7468 | D:7      | 7468 ||| FLEEEEING.
  7474 | D:7      | 7474 ||| FLEEEEING.
  7475 | D:7      | 7475 ||| FLEEEEING.
  7476 | D:7      | 7476 ||| FLEEEEING.
  7477 | D:7      | 7477 ||| FLEEEEING.
  7478 | D:7      | 7478 ||| FLEEEEING.
  7479 | D:7      | 7479 ||| FLEEEEING.
  7480 | D:7      | 7480 ||| FLEEEEING.
  7526 | D:7      | 7526 ||| Stepping ~*~*~tactically~*~*~ (hiding).
  7527 | D:7      | 7527 ||| Stepping ~*~*~tactically~*~*~ (hiding).
  7530 | D:7      | 7530 ||| Stepping ~*~*~tactically~*~*~ (hiding).
  7531 | D:7      | 7531 ||| Stepping ~*~*~tactically~*~*~ (hiding).
  7532 | D:7      | 7532 ||| Stepping ~*~*~tactically~*~*~ (hiding).
  7533 | D:7      | 7533 ||| Stepping ~*~*~tactically~*~*~ (hiding).
  7753 | D:7      | Found a hazy altar of Hepliaklqana.
  7873 | D:7      | Reached skill level 6 in Armour
  7936 | D:7      | 7936 ||| Stepping ~*~*~tactically~*~*~ (stealth).
  7966 | D:7      | 7966 ||| Stepping ~*~*~tactically~*~*~ (stealth).
  7975 | D:7      | 7975 ||| INVOKING Berserk.
  8182 | D:7      | 8182 ||| READING scroll labelled UTYD ERURE.
  8283 | D:7      | 8283 ||| DRINKING 2 murky ruby potions.
  8284 | D:7      | 8284 ||| READING 2 scrolls of identify.
  8284 | D:7      | 8284 ||| IDENTIFYING amethyst potion
  8301 | D:8      | 8301 ||| Stepping ~*~*~tactically~*~*~ (hiding).
  8302 | D:8      | 8302 ||| Stepping ~*~*~tactically~*~*~ (hiding).
  8304 | D:8      | 8304 ||| INVOKING Berserk.
  8421 | D:8      | 8421 ||| Stepping ~*~*~tactically~*~*~ (hiding).
  8422 | D:8      | 8422 ||| Stepping ~*~*~tactically~*~*~ (hiding).
  8426 | D:8      | 8426 ||| INVOKING Berserk.
  8447 | D:8      | Noticed Maggie
  8447 | D:8      | 8447 ||| Stepping ~*~*~tactically~*~*~ (hiding).
  8470 | D:8      | 8470 ||| INVOKING Berserk.
  8471 | D:8      | Killed Maggie
  8472 | D:8      | Reached skill level 13 in Axes
  8785 | D:8      | Reached skill level 3 in Throwing
  8785 | D:8      | 8785 ||| INVOKING Berserk.
  8983 | D:8      | Found a basalt altar of Yredelemnul.
  9035 | D:8      | 9035 ||| Stepping ~*~*~tactically~*~*~ (hiding).
  9040 | D:8      | 9040 ||| INVOKING Berserk.
  9299 | D:8      | 9299 ||| Stepping ~*~*~tactically~*~*~ (hiding).
  9300 | D:8      | 9300 ||| Stepping ~*~*~tactically~*~*~ (hiding).
  9356 | D:8      | Identified the +9 broad axe of the Bouncing Spirits {venom,
                  | Will+ Str+2}
  9358 | D:8      | 9358 ||| SWAPPING to +9 broad axe of the Bouncing Spirits
                  | {venom, Will+ Str+2}.
  9359 | D:8      | 9359 ||| DROPPING +1 hand axe.
  9388 | D:8      | Reached *** piety under Trog
  9525 | D:9      | 9525 ||| INVOKING Berserk.
  9527 | D:9      | Reached XP level 10. HP: 88/88 MP: 9/9
  9538 | D:9      | 9538 ||| FLEEEEING.
  9548 | D:9      | 9548 ||| STAIRDANCE
  9659 | D:9      | 9659 ||| Stepping ~*~*~tactically~*~*~ (stealth).
  9669 | D:9      | 9669 ||| INVOKING Berserk.
  9671 | D:9      | Reached skill level 14 in Axes
  9677 | D:9      | 9677 ||| FLEEEEING.
  9678 | D:9      | 9678 ||| FLEEEEING.
  9679 | D:9      | 9679 ||| FLEEEEING.
  9680 | D:9      | 9680 ||| FLEEEEING.
  9681 | D:9      | 9681 ||| FLEEEEING.
  9682 | D:9      | 9682 ||| FLEEEEING.
  9683 | D:9      | 9683 ||| STAIRDANCE
  9880 | D:9      | 9880 ||| INVOKING Berserk.
  9885 | D:9      | Noticed Erica
  9901 | D:9      | HP: 22/88 [something (12)]
  9902 | D:9      | 9902 ||| READING scroll of teleportation.
  9902 | D:9      | Killed Erica
  9903 | D:9      | Reached skill level 15 in Axes
 10253 | D:9      | Identified the +1 plate armour "Isutt" {rElec}
 10264 | D:9      | Found a sacrificial altar of Ru.
 10264 | D:9      | Found an iron altar of Okawaru.
 10264 | D:9      | Found an opulent altar of Gozag.
 10273 | D:9      | 10273 ||| Stepping ~*~*~tactically~*~*~ (stealth).
 10290 | D:9      | Reached skill level 9 in Fighting
 10402 | D:9      | Found a staircase to the Lair.
 10499 | D:9      | Found a staircase to the Orcish Mines.
 10732 | D:9      | 10732 ||| PLANNING LAIR
 10732 | D:9      | 10732 ||| UPGRADING to +1 plate armour "Isutt" {rElec}.
 10742 | D:9      | 10742 ||| DROPPING +0 plate armour.
 10743 | D:9      | 10743 ||| DROPPING amulet of faith.
 10744 | D:9      | 10744 ||| READING scroll labelled LAETERELUL.
 10770 | Lair:1   | Entered Level 1 of the Lair of Beasts
 10770 | Lair:1   | Noticed a cane toad
 10774 | Lair:1   | 10774 ||| INVOKING Berserk.
 10777 | Lair:1   | Killed a cane toad
 10901 | Lair:1   | 10901 ||| INVOKING Berserk.
 11158 | Lair:1   | Noticed a six-headed hydra
 11161 | Lair:1   | 11161 ||| SWAPPING to +1 demon whip of electrocution.
 11163 | Lair:1   | 11163 ||| INVOKING Berserk.
 11164 | Lair:1   | Killed a six-headed hydra
 11165 | Lair:1   | Reached skill level 16 in Axes
 11169 | Lair:1   | 11169 ||| SWAPPING to +9 broad axe of the Bouncing Spirits
                  | {venom, Will+ Str+2}.
 11739 | Lair:1   | 11739 ||| UPGRADING to +0 cloak.
 11744 | Lair:1   | 11744 ||| UPGRADING to amulet of guardian spirit.
 11749 | Lair:1   | 11749 ||| UPGRADING to ring of positive energy.
 11750 | Lair:1   | 11750 ||| DRINKING 2 fuming ruby potions.
 11751 | Lair:1   | 11751 ||| DROPPING potion of flight.
 11765 | Lair:2   | Reached skill level 3 in Dodging
 11765 | Lair:2   | Reached XP level 11. HP: 88/97 MP: 8/10
 11935 | Lair:2   | 11935 ||| Stepping ~*~*~tactically~*~*~ (stealth).
 11946 | Lair:2   | Reached skill level 9 in Armour
 11976 | Lair:2   | Noticed a boulder beetle
 11979 | Lair:2   | 11979 ||| INVOKING Berserk.
 11983 | Lair:2   | Killed a boulder beetle
 12111 | Lair:2   | Found a staircase to the Swamp.
 12112 | Lair:2   | 12112 ||| Stepping ~*~*~tactically~*~*~ (stealth).
 12310 | Lair:2   | Noticed a boulder beetle
 12315 | Lair:2   | 12315 ||| INVOKING Berserk.
 12325 | Lair:2   | Killed a boulder beetle
 12326 | Lair:2   | Reached skill level 17 in Axes
 12500 | Lair:2   | 12500 ||| INVOKING Berserk.
 12621 | Lair:2   | 12621 ||| INVOKING Berserk.
 12681 | Lair:2   | 12681 ||| Stepping ~*~*~tactically~*~*~ (stealth).
 12684 | Lair:2   | 12684 ||| INVOKING Berserk.
 12743 | Lair:2   | 12743 ||| Stepping ~*~*~tactically~*~*~ (stealth).
 12752 | Lair:2   | 12752 ||| INVOKING Berserk.
 12998 | Lair:2   | 12998 ||| READING 2 scrolls labelled GAJUTWU HIAR.
 12999 | Lair:2   | 12999 ||| DRINKING 2 puce potions.
 13000 | Lair:2   | 13000 ||| DROPPING scroll of amnesia.
 13046 | Lair:3   | 13046 ||| READING scroll of enchant armour.
 13046 | Lair:3   | 13046 ||| ENCHANTING +0 pair of gloves.
 13218 | Lair:3   | 13218 ||| Stepping ~*~*~tactically~*~*~ (stealth).
 13219 | Lair:3   | 13219 ||| Stepping ~*~*~tactically~*~*~ (stealth).
 13222 | Lair:3   | 13222 ||| INVOKING Berserk.
 13300 | Lair:3   | 13300 ||| Stepping ~*~*~tactically~*~*~ (stealth).
 13301 | Lair:3   | 13301 ||| Stepping ~*~*~tactically~*~*~ (stealth).
 13306 | Lair:3   | 13306 ||| Stepping ~*~*~tactically~*~*~ (stealth).
 13313 | Lair:3   | 13313 ||| FLEEEEING.
 13440 | Lair:3   | Noticed a catoblepas
 13442 | Lair:3   | 13442 ||| Stepping ~*~*~tactically~*~*~ (cloud).
 13443 | Lair:3   | 13443 ||| INVOKING Berserk.
 13456 | Lair:3   | 13456 ||| Stepping ~*~*~tactically~*~*~ (cloud).
 13457 | Lair:3   | 13457 ||| Stepping ~*~*~tactically~*~*~ (cloud).
 13458 | Lair:3   | Killed a catoblepas
 13463 | Lair:3   | Reached skill level 18 in Axes
 13542 | Lair:3   | Noticed a death yak
 13542 | Lair:3   | Noticed a death yak
 13543 | Lair:3   | 13543 ||| Stepping ~*~*~tactically~*~*~ (stealth).
 13545 | Lair:3   | 13545 ||| Stepping ~*~*~tactically~*~*~ (stealth).
 13547 | Lair:3   | Noticed a death yak
 13548 | Lair:3   | 13548 ||| INVOKING Berserk.
 13551 | Lair:3   | Killed a death yak
 13553 | Lair:3   | Killed a death yak
 13554 | Lair:3   | Noticed a death yak
 13560 | Lair:3   | Killed a death yak
 13561 | Lair:3   | Reached XP level 12. HP: 106/106 MP: 9/11
 13570 | Lair:3   | Killed a death yak
 13713 | Lair:3   | 13713 ||| INVOKING Berserk.
 14024 | Lair:3   | 14024 ||| Stepping ~*~*~tactically~*~*~ (stealth).
 14027 | Lair:3   | 14027 ||| INVOKING Berserk.
 14060 | Lair:3   | 14060 ||| FLEEEEING.
 14061 | Lair:3   | 14061 ||| FLEEEEING.
 14177 | Lair:3   | Found a staircase to the Snake Pit.
 14568 | Lair:3   | 14568 ||| UPGRADING to +2 pair of boots.
 14578 | Lair:3   | 14578 ||| DROPPING +0 pair of boots.
 14579 | Lair:3   | 14579 ||| READING 2 scrolls of identify.
 14579 | Lair:3   | 14579 ||| IDENTIFYING inky potion
 14580 | Lair:3   | 14580 ||| DROPPING potion of brilliance.
 14597 | Lair:4   | 14597 ||| STAIRDANCE
 14605 | Lair:4   | 14605 ||| STAIRDANCE
 14655 | Lair:4   | 14655 ||| STAIRDANCE
 14695 | Lair:4   | 14695 ||| STAIRDANCE
 14701 | Lair:4   | 14701 ||| STAIRDANCE
 14741 | Lair:4   | 14741 ||| STAIRDANCE
 14745 | Lair:3   | Reached **** piety under Trog
 14762 | Lair:4   | 14762 ||| STAIRDANCE
 14767 | Lair:4   | 14767 ||| STAIRDANCE
 14777 | Lair:4   | Reached skill level 12 in Fighting
 14796 | Lair:4   | 14796 ||| Stepping ~*~*~tactically~*~*~ (stealth).
 14800 | Lair:4   | 14800 ||| INVOKING Berserk.
 14956 | Lair:4   | 14956 ||| INVOKING Berserk.
 15181 | Lair:4   | Reached skill level 12 in Armour
 15590 | Lair:4   | Noticed an eight-headed hydra
 15591 | Lair:4   | 15591 ||| INVOKING Brothers in Arms.
 15593 | Lair:4   | 15593 ||| SWAPPING to +1 demon whip of electrocution.
 15594 | Lair:4   | 15594 ||| INVOKING Berserk.
 15598 | Lair:4   | Killed an eight-headed hydra
 15608 | Lair:4   | 15608 ||| SWAPPING to +9 broad axe of the Bouncing Spirits
                  | {venom, Will+ Str+2}.
 15865 | Lair:4   | 15865 ||| READING scroll labelled UFECZOIMAK.
 15866 | Lair:4   | 15866 ||| READING 2 scrolls of identify.
 15866 | Lair:4   | 15866 ||| IDENTIFYING fuming clear potion
 15899 | Lair:5   | Entered Level 5 of the Lair of Beasts
 15908 | Lair:5   | 15908 ||| Stepping ~*~*~tactically~*~*~ (stealth).
 15911 | Lair:5   | 15911 ||| INVOKING Berserk.
 16083 | Lair:5   | 16083 ||| INVOKING Berserk.
 16240 | Lair:5   | 16240 ||| INVOKING Berserk.
 16454 | Lair:5   | 16454 ||| Stepping ~*~*~tactically~*~*~ (hiding).
 16456 | Lair:5   | 16456 ||| Stepping ~*~*~tactically~*~*~ (stealth).
 16461 | Lair:5   | 16461 ||| INVOKING Berserk.
 16471 | Lair:5   | Reached skill level 6 in Throwing
 16474 | Lair:5   | 16474 ||| Stepping ~*~*~tactically~*~*~ (cloud).
 16479 | Lair:5   | Reached XP level 13. HP: 98/122 MP: 8/12
 16506 | Lair:5   | HP: 25/122 [rime drake/flash freeze (10)]
 16507 | Lair:5   | 16507 ||| READING 4 scrolls of teleportation.
 16508 | Lair:5   | Found a staircase to the Slime Pits.
 16509 | Lair:5   | 16509 ||| READING 3 scrolls of teleportation.
 16510 | Lair:5   | 16510 ||| DRINKING potion of heal wounds.
 16584 | Lair:5   | 16584 ||| INVOKING Berserk.
 16713 | Lair:5   | 16713 ||| FLEEEEING.
 16715 | Lair:5   | 16715 ||| FLEEEEING.
 16716 | Lair:5   | 16716 ||| FLEEEEING.
 16740 | Lair:5   | 16740 ||| FLEEEEING.
 16741 | Lair:5   | 16741 ||| FLEEEEING.
 16746 | Lair:5   | 16746 ||| STAIRDANCE
 16820 | Lair:4   | 16820 ||| DROPPING orb of guile.
 16929 | Lair:5   | 16929 ||| Stepping ~*~*~tactically~*~*~ (cloud).
 16930 | Lair:5   | 16930 ||| Stepping ~*~*~tactically~*~*~ (cloud).
 16932 | Lair:5   | 16932 ||| INVOKING Berserk.
 17035 | Lair:5   | 17035 ||| Stepping ~*~*~tactically~*~*~ (stealth).
 17064 | Lair:5   | 17064 ||| INVOKING Berserk.
 17094 | Lair:5   | 17094 ||| Stepping ~*~*~tactically~*~*~ (stealth).
 17095 | Lair:5   | 17095 ||| Stepping ~*~*~tactically~*~*~ (stealth).
 17096 | Lair:5   | 17096 ||| Stepping ~*~*~tactically~*~*~ (stealth).
 17098 | Lair:5   | 17098 ||| Stepping ~*~*~tactically~*~*~ (hiding).
 17108 | Lair:5   | 17108 ||| Stepping ~*~*~tactically~*~*~ (cloud).
 17293 | Lair:5   | Noticed a fire dragon
 17294 | Lair:5   | 17294 ||| Stepping ~*~*~tactically~*~*~ (hiding).
 17298 | Lair:5   | Reached skill level 15 in Fighting
 17299 | Lair:5   | 17299 ||| INVOKING Berserk.
 17311 | Lair:5   | Killed a fire dragon
 17318 | Lair:5   | 17318 ||| Stepping ~*~*~tactically~*~*~ (cloud).
 17319 | Lair:5   | 17319 ||| Stepping ~*~*~tactically~*~*~ (cloud).
 17326 | Lair:5   | Reached skill level 6 in Dodging
 17373 | Lair:5   | Identified the ring "Damna" {Int+6 Slay+3}
 17426 | Lair:5   | Noticed a dire elephant
 17426 | Lair:5   | Noticed a dire elephant
 17426 | Lair:5   | Noticed a dire elephant
 17427 | Lair:5   | Found the +1 cloak of Starlight {*Dazzle EV+4 Stlth--}
 17431 | Lair:5   | Noticed a dire elephant
 17591 | Lair:5   | 17591 ||| INVOKING Berserk.
 17595 | Lair:5   | Killed a dire elephant
 17609 | Lair:5   | Killed a dire elephant
 17614 | Lair:5   | Killed a dire elephant
 17839 | Lair:5   | 17839 ||| INVOKING Brothers in Arms.
 17840 | Lair:5   | 17840 ||| Stepping ~*~*~tactically~*~*~ (hiding).
 17844 | Lair:5   | 17844 ||| INVOKING Brothers in Arms.
 17851 | Lair:5   | 17851 ||| INVOKING Berserk.
 18208 | Lair:5   | 18208 ||| Stepping ~*~*~tactically~*~*~ (stealth).
 18309 | Lair:5   | Identified the +2 troll leather armour of the Pleiades
                  | {Harm rC+ Regen+ SInv}
 18390 | Lair:5   | 18390 ||| PLANNING D:1-11
 18390 | Lair:5   | 18390 ||| UPGRADING to +1 cloak of Starlight {*Dazzle EV+4
                  | Stlth--}.
 18400 | Lair:5   | 18400 ||| DROPPING +0 cloak.
 18401 | Lair:5   | 18401 ||| UPGRADING to ring "Damna" {Int+6 Slay+3}.
 18403 | Lair:5   | 18403 ||| DROPPING ring of positive energy.
 18404 | Lair:5   | 18404 ||| READING scroll labelled CEMOMMEANU.
 18521 | D:10     | Entered Level 10 of the Dungeon
 18612 | D:10     | Found Fucronke's Jewellery Shoppe.
 18620 | D:10     | 18620 ||| BUYING amulet "Wececose" {Reflect *Slow rPois
                  | rN+++ Int+3 SH+5} (1006 gold).
 18620 | D:10     | Bought the amulet "Wececose" {Reflect *Slow rPois rN+++
                  | Int+3 SH+5} for 1006 gold pieces
 18620 | D:10     | 18620 ||| BUYING ring of fire (400 gold).
 18620 | D:10     | Bought a ring of fire for 400 gold pieces
 18620 | D:10     | 18620 ||| SHOPLISTING ring of see invisible (240 gold, have
                  | 89).
 18630 | D:10     | 18630 ||| Stepping ~*~*~tactically~*~*~ (hiding).
 18646 | D:10     | 18646 ||| INVOKING Berserk.
 18650 | D:10     | Reached XP level 14. HP: 136/136 MP: 13/13
 18909 | D:10     | Noticed Joseph
 18910 | D:10     | 18910 ||| Stepping ~*~*~tactically~*~*~ (hiding).
 18922 | D:10     | Killed Joseph
 19186 | D:10     | Reached ***** piety under Trog
 19285 | D:10     | 19285 ||| UPGRADING to amulet "Wececose" {Reflect *Slow
                  | rPois rN+++ Int+3 SH+5}.
 19295 | D:10     | 19295 ||| DROPPING amulet of guardian spirit.
 19540 | D:11     | 19540 ||| Stepping ~*~*~tactically~*~*~ (hiding).
 19632 | D:11     | Found a runed translucent door.
 19814 | D:11     | Found a runed translucent door.
 19817 | D:11     | Noticed a lich
 19818 | D:11     | Noticed qw's ghost (journeyman MiBe)
 19979 | D:11     | 19979 ||| PLANNING D
 19979 | D:11     | 19979 ||| DRINKING 2 brown potions.
 19994 | D:11     | 19994 ||| READING 2 scrolls of identify.
 19994 | D:11     | 19994 ||| IDENTIFYING grey potion
 19995 | D:11     | 19995 ||| DROPPING potion of lignification.
 19996 | D:11     | 19996 ||| DROPPING potion of attraction.
 20444 | D:12     | Reached skill level 15 in Armour
 20513 | D:12     | 20513 ||| Stepping ~*~*~tactically~*~*~ (hiding).
 20874 | D:13     | 20874 ||| Stepping ~*~*~tactically~*~*~ (stealth).
 21072 | D:13     | 21072 ||| UPGRADING to +0 kite shield.
 21134 | D:13     | 21134 ||| READING 5 scrolls of teleportation.
 21341 | D:13     | 21341 ||| Stepping ~*~*~tactically~*~*~ (hiding).
 21357 | D:13     | Reached skill level 1 in Shields
 21470 | D:13     | Reached skill level 3 in Shields
 21479 | D:13     | 21479 ||| INVOKING Berserk.
 21795 | D:13     | 21795 ||| Stepping ~*~*~tactically~*~*~ (stealth).
 21796 | D:13     | 21796 ||| Stepping ~*~*~tactically~*~*~ (stealth).
 21803 | D:13     | 21803 ||| Stepping ~*~*~tactically~*~*~ (stealth).
 21804 | D:13     | 21804 ||| Stepping ~*~*~tactically~*~*~ (stealth).
 21807 | D:13     | 21807 ||| Stepping ~*~*~tactically~*~*~ (hiding).
 21821 | D:13     | Found Bugusud's General Store.
 21918 | D:13     | Found a gate to the Vaults.
 22127 | D:13     | 22127 ||| UPGRADING to +4 ring of evasion.
 22129 | D:13     | 22129 ||| DROPPING +6 ring of dexterity.
 22130 | D:13     | 22130 ||| DROPPING ring "Damna" {Int+6 Slay+3}.
 22131 | D:13     | 22131 ||| READING 4 scrolls of teleportation.
 22303 | D:13     | 22303 ||| INVOKING Berserk.
 22308 | D:13     | Reached skill level 6 in Shields
 22481 | D:13     | 22481 ||| READING 3 scrolls of teleportation.
 22558 | D:14     | 22558 ||| STAIRDANCE
 22560 | D:13     | 22560 ||| INVOKING Berserk.
 23699 | D:13     | 23699 ||| READING 2 scrolls of teleportation.
 23782 | D:14     | 23782 ||| Stepping ~*~*~tactically~*~*~ (hiding).
 23785 | D:14     | 23785 ||| INVOKING Brothers in Arms.
 23786 | D:14     | 23786 ||| INVOKING Berserk.
 23944 | D:14     | 23944 ||| INVOKING Berserk.
 24066 | D:14     | 24066 ||| Stepping ~*~*~tactically~*~*~ (stealth).
 24080 | D:14     | Reached skill level 9 in Shields
 24209 | D:14     | Found Ihityleapt's Antique Weapon Shop.
 24370 | D:14     | Found a shimmering blue altar of Sif Muna.
 24485 | D:14     | 24485 ||| READING scroll labelled MUGGUO VERGH.
 24486 | D:14     | 24486 ||| READING 2 scrolls of identify.
 24486 | D:14     | 24486 ||| IDENTIFYING fizzy emerald potion
 24487 | D:14     | 24487 ||| DROPPING potion of magic.
 24530 | D:15     | Entered Level 15 of the Dungeon
 24531 | D:15     | 24531 ||| INVOKING Brothers in Arms.
 24532 | D:15     | 24532 ||| INVOKING Berserk.
 24663 | D:15     | 24663 ||| INVOKING Trog's Hand.
 24720 | D:15     | 24720 ||| STAIRDANCE
 24798 | D:15     | Found a frozen archway.
 24902 | D:15     | 24902 ||| READING 3 scrolls of enchant armour.
 24902 | D:15     | 24902 ||| ENCHANTING +1 pair of gloves.
 24969 | D:15     | Found Qiptill's Magic Scroll Shoppe.
 24977 | D:15     | 24977 ||| BUYING scroll of identify (32 gold).
 24977 | D:15     | Bought a scroll of identify for 32 gold pieces
 24977 | D:15     | 24977 ||| BUYING scroll of teleportation (48 gold).
 24977 | D:15     | Bought a scroll of teleportation for 48 gold pieces
 24981 | D:15     | Found a staircase to the Depths.
 24981 | D:15     | Noticed a fire giant
 24982 | D:15     | 24982 ||| INVOKING Brothers in Arms.
 25003 | D:15     | 25003 ||| INVOKING Brothers in Arms.
 25039 | D:15     | 25039 ||| INVOKING Brothers in Arms.
 25040 | D:15     | 25040 ||| INVOKING Brothers in Arms.
 25041 | D:15     | 25041 ||| INVOKING Berserk.
 25044 | D:15     | Killed a fire giant
 25045 | D:15     | Reached XP level 15. HP: 132/145 MP: 14/14
 25291 | D:15     | 25291 ||| Stepping ~*~*~tactically~*~*~ (hiding).
 25517 | D:15     | 25517 ||| INVOKING Berserk.
 25649 | D:15     | 25649 ||| INVOKING Berserk.
 25658 | D:15     | Reached skill level 12 in Shields
 25917 | D:15     | 25917 ||| PLANNING ORC
 26124 | Orc:1    | Entered Level 1 of the Orcish Mines
 26130 | Orc:1    | 26130 ||| INVOKING Trog's Hand.
 26131 | Orc:1    | 26131 ||| INVOKING Berserk.
 26158 | Orc:1    | Received a gift from Trog
 26778 | Orc:2    | Entered Level 2 of the Orcish Mines
 26781 | Orc:2    | 26781 ||| INVOKING Trog's Hand.
 26784 | Orc:2    | 26784 ||| INVOKING Berserk.
 26867 | Orc:2    | 26867 ||| INVOKING Berserk.
 26887 | Orc:2    | Found Notuigud's Book Boutique.
 26887 | Orc:2    | Found Wenyr's Assorted Antiques.
 26914 | Orc:2    | 26914 ||| Stepping ~*~*~tactically~*~*~ (stealth).
 26916 | Orc:2    | 26916 ||| Stepping ~*~*~tactically~*~*~ (stealth).
 26919 | Orc:2    | 26919 ||| Stepping ~*~*~tactically~*~*~ (stealth).
 26919 | Orc:2    | Found Mickoij's Assorted Antiques.
 26920 | Orc:2    | 26920 ||| Stepping ~*~*~tactically~*~*~ (stealth).
 26921 | Orc:2    | 26921 ||| Stepping ~*~*~tactically~*~*~ (stealth).
 26922 | Orc:2    | 26922 ||| Stepping ~*~*~tactically~*~*~ (stealth).
 26923 | Orc:2    | 26923 ||| Stepping ~*~*~tactically~*~*~ (stealth).
 26925 | Orc:2    | 26925 ||| FLEEEEING.
 26926 | Orc:2    | 26926 ||| Stepping ~*~*~tactically~*~*~ (stealth).
 26946 | Orc:2    | 26946 ||| FLEEEEING.
 27068 | Orc:2    | 27068 ||| INVOKING Berserk.
 27216 | Orc:2    | Found Xola's Magic Scroll Emporium.
 27218 | Orc:2    | Found Rumostish's General Store.
 27223 | Orc:2    | 27223 ||| BUYING 2 potions of curing (192 gold).
 27223 | Orc:2    | Bought 2 potions of curing for 192 gold pieces
 27223 | Orc:2    | 27223 ||| BUYING brass ring (160 gold).
 27223 | Orc:2    | Bought a brass ring for 160 gold pieces
 27223 | Orc:2    | 27223 ||| BUYING potion of mutation (256 gold).
 27223 | Orc:2    | Bought a potion of mutation for 256 gold pieces
 27223 | Orc:2    | 27223 ||| BUYING scroll of identify (64 gold).
 27223 | Orc:2    | Bought a scroll of identify for 64 gold pieces
 27225 | Orc:2    | 27225 ||| BUYING 2 scrolls of identify (60 gold).
 27225 | Orc:2    | Bought 2 scrolls of identify for 60 gold pieces
 27225 | Orc:2    | 27225 ||| BUYING 3 scrolls of identify (90 gold).
 27225 | Orc:2    | Bought 3 scrolls of identify for 90 gold pieces
 27225 | Orc:2    | 27225 ||| BUYING scroll of identify (30 gold).
 27225 | Orc:2    | Bought a scroll of identify for 30 gold pieces
 27225 | Orc:2    | 27225 ||| BUYING scroll of teleportation (45 gold).
 27225 | Orc:2    | Bought a scroll of teleportation for 45 gold pieces
 27230 | Orc:2    | 27230 ||| BUYING potion of might (48 gold).
 27230 | Orc:2    | Bought a potion of might for 48 gold pieces
 27242 | Orc:2    | 27242 ||| Stepping ~*~*~tactically~*~*~ (stealth).
 27244 | Orc:2    | 27244 ||| Stepping ~*~*~tactically~*~*~ (hiding).
 27255 | Orc:2    | 27255 ||| Stepping ~*~*~tactically~*~*~ (stealth).
 27265 | Orc:2    | 27265 ||| Stepping ~*~*~tactically~*~*~ (stealth).
 27276 | Orc:2    | 27276 ||| Stepping ~*~*~tactically~*~*~ (hiding).
 27277 | Orc:2    | 27277 ||| Stepping ~*~*~tactically~*~*~ (hiding).
 27290 | Orc:2    | 27290 ||| Stepping ~*~*~tactically~*~*~ (stealth).
 27293 | Orc:2    | 27293 ||| Stepping ~*~*~tactically~*~*~ (hiding).
 27294 | Orc:2    | 27294 ||| Stepping ~*~*~tactically~*~*~ (hiding).
 27296 | Orc:2    | 27296 ||| Stepping ~*~*~tactically~*~*~ (hiding).
 27297 | Orc:2    | 27297 ||| Stepping ~*~*~tactically~*~*~ (hiding).
 27299 | Orc:2    | 27299 ||| Stepping ~*~*~tactically~*~*~ (stealth).
 27318 | Orc:2    | Noticed Josephine
 27325 | Orc:2    | Killed Josephine
 27347 | Orc:2    | Found a staircase to the Elven Halls.
 27352 | Orc:2    | 27352 ||| BUYING fine lead amulet (140 gold).
 27352 | Orc:2    | Bought a fine lead amulet for 140 gold pieces
 27352 | Orc:2    | Identified the amulet of Starshine {Faith rCorr Dex+6} (You
                  | bought it in a shop on level 2 of the Orcish Mines)
 27352 | Orc:2    | 27352 ||| SHOPLISTING potion of haste (280 gold, have 189).
 27352 | Orc:2    | 27352 ||| SHOPLISTING wand of digging (7) (823 gold, have
                  | 189).
 27399 | Orc:2    | Found Dusoas's Weapon Shoppe.
 27604 | Orc:2    | Noticed Jorgrun
 27605 | Orc:2    | 27605 ||| INVOKING Brothers in Arms.
 27609 | Orc:2    | 27609 ||| INVOKING Berserk.
 27614 | Orc:2    | Killed Jorgrun
 27920 | Orc:2    | 27920 ||| PLANNING SWAMP:1-3
 27920 | Orc:2    | 27920 ||| DROPPING +4 ring of protection.
 28025 | Swamp:1  | Entered Level 1 of the Swamp
 28082 | Swamp:1  | Reached skill level 15 in Shields
 28162 | Swamp:1  | 28162 ||| Stepping ~*~*~tactically~*~*~ (hiding).
 28165 | Swamp:1  | 28165 ||| INVOKING Berserk.
 28371 | Swamp:1  | 28371 ||| INVOKING Berserk.
 28745 | Swamp:1  | 28745 ||| INVOKING Berserk.
 29008 | Swamp:1  | 29008 ||| DROPPING ring of see invisible.
 29022 | Swamp:2  | Noticed a fenstrider witch
 29023 | Swamp:2  | 29023 ||| INVOKING Trog's Hand.
 29027 | Swamp:2  | 29027 ||| INVOKING Berserk.
 29030 | Swamp:2  | Killed a fenstrider witch
 29157 | Swamp:2  | 29157 ||| Stepping ~*~*~tactically~*~*~ (hiding).
 29158 | Swamp:2  | 29158 ||| Stepping ~*~*~tactically~*~*~ (hiding).
 29162 | Swamp:2  | Received a gift from Trog
 29281 | Swamp:2  | Noticed Donald
 29282 | Swamp:2  | 29282 ||| INVOKING Brothers in Arms.
 29283 | Swamp:2  | 29283 ||| INVOKING Berserk.
 29296 | Swamp:2  | Killed Donald
 29307 | Swamp:2  | 29307 ||| INVOKING Brothers in Arms.
 29309 | Swamp:2  | 29309 ||| Stepping ~*~*~tactically~*~*~ (water).
 29311 | Swamp:2  | HP: 13/147 [will-o-the-wisp/foxfire (32)]
 29312 | Swamp:2  | 29312 ||| READING 3 scrolls of teleportation.
 29313 | Swamp:2  | 29313 ||| DRINKING 8 potions of heal wounds.
 29316 | Swamp:2  | HP: 29/147 [bog body (11)]
 29317 | Swamp:2  | 29317 ||| READING 2 scrolls of teleportation.
 29317 | Swamp:2  | HP: 12/147 [spriggan rider/+0 spear (8)]
 29318 | Swamp:2  | 29318 ||| DRINKING 7 potions of heal wounds.
 29319 | Swamp:2  | 29319 ||| DRINKING 6 potions of heal wounds.
 29326 | Swamp:2  | 29326 ||| INVOKING Brothers in Arms.
 29328 | Swamp:2  | HP: 36/147 [ghost crab] (5)]
 29336 | Swamp:2  | HP: 30/147 [will-o-the-wisp/foxfire (10)]
 29336 | Swamp:2  | HP: 5/147 [will-o-the-wisp/foxfire (25)]
 29337 | Swamp:2  | 29337 ||| READING scroll of teleportation.
 29337 | Swamp:2  | Killed from afar by a will-o-the-wisp

Levels and vault maps discovered:
D:1:      wander_arrival_chamber, layout_loops_ring, basic_ecumenical_altar
D:2:      layout_loops_ring, basic_altar
D:3:      layout_rooms, mainiacjoe_overflow_alcove_2
D:4:      layout_cave_pods, cheibrodos_ashenzari_chains,
          minmay_temple_entry_waves, serial_column_ruins,
          column_ruins_courtyard_long, column_ruins_grid_3,
          column_ruins_open_medium, column_ruins_grid_1, column_ruins_open_tiny,
          uniq_crazy_yiuf_cottage, uniq_sigmund, uniq_ijyb, uniq_natasha
D:5:      layout_basic, nicolae_qazlal_scattered_showers,
          minmay_gold_behind_fungi
D:6:      layout_rooms, makhleb_heckhound_becter, pf_just_have_faith,
          uniq_blork_the_orc
D:7:      layout_basic, nzn_hepliaklqana_mist_gate
D:8:      layout_gridville, mainiacjoe_overflow_six_doors_small, uniq_maggie
D:9:      layout_cross, gammafunk_temple_overflow_forgotten, lair_entry_dummy,
          hiddenorc1_lemuel, uniq_erica
D:10:     layout_roguey, serial_shops, nicolae_shop_advertising_works
          [nicolae_subvault_shop_adworks], uniq_joseph
D:11:     layout_gridville, muffindrake_ghost_dual_entry
D:12:     layout_gridville
D:13:     layout_loops_corners, erik_vaults_2, serial_shops,
          kennysheep_little_box, lemuel_flamethrower_2
D:14:     layout_roguey, serial_shops, shop, serial_park_paths
          [serial_park_minivault_5x5_3], led_sif_pool
D:15:     grunt_enter_depths_giant_problem, layout_long_grid, serial_ice,
          serial_ice_i, serial_ice_o, serial_ice_c, serial_ice_m,
          portal_ice_cave_entry_frozen_things, serial_shops, shop,
          roderic_roman_lattice
Lair:1:   layout_long_grid, infiniplex_staircase_pool_2, serial_bayou_shore_b,
          grunt_megastairs_2
Lair:2:   layout_roguey, minmay_swamp_entry_swarm,
          chequers_serial_rivers_micro_c, chequers_serial_rivers_room_b
Lair:3:   layout_concentric_octagons, guppyfry_snake_entry_island,
          chequers_serial_rivers_large_b, grunt_forest_small_clearing_treed
Lair:4:   layout_gridlike, grunt_megastairs_4
Lair:5:   due_jungle_book, layout_misc_corridors, minmay_slime_entry_pillars,
          bobbens_dragon_lair_wall
Swamp:1:  layout_basic_swamp, evilmike_swamp_ruin_house_6
Swamp:2:  layout_falls_marsh, evilmike_swamp_ruin_rubble_1, swamp_pool3,
          infiniplex_staircase_pool, uniq_donald
Orc:1:    layout_caves, mines1_david
Orc:2:    st_orc_rangers, layout_caves, serial_shops,
          nicolae_shop_bloodbath_and_beyond, nicolae_shop_hallway_plus,
          basic_altar, bh_open_orc_temple, uniq_josephine, uniq_jorgrun

Skill      XL: |  1  2  3  4  5  6  7  8  9 10 11 12 13 14 15 |
---------------+----------------------------------------------+-----
Axes           | 4 5 6 7 9 12 13 16 18 | 18.1
Throwing       | 1 2 3 4 6 7 8 |  8.0
Fighting       | 4 5 6 8 9 10 13 15 16 17 | 17.1
Armour         | 4 5 7 8 10 12 14 15 | 15.0
Dodging        | 3 5 6 7 |  7.0
Shields        | 11 15 | 15.4

Action                   |  1- 3 |  4- 6 |  7- 9 | 10-12 | 13-15 || total
-------------------------+-------+-------+-------+-------+-------++-------
Melee: Hand axe          |    83 |   108 |   310 |       |       ||   501
       Headbutt          |    10 |    13 |    52 |    45 |   169 ||   289
       Punch             |     1 |     1 |     4 |     4 |     6 ||    16
       Broad axe         |       |       |     7 |   245 |   726 ||   978
       Demon whip        |       |       |       |     4 |       ||     4
Throw: Javelin           |       |    16 |    41 |    78 |    76 ||   211
       Boomerang         |       |       |     6 |    37 |    50 ||    93
Invok: Berserk           |     4 |     6 |    14 |    23 |    26 ||    73
       Brothers in Arms  |       |       |       |     1 |    10 ||    11
       Trog's Hand       |       |       |       |       |     4 ||     4
  Use: Scroll            |     5 |     2 |     8 |     7 |    14 ||    36
       Potion            |       |     1 |     5 |     2 |     5 ||    13
 Stab: Distracted        |       |       |       |       |     3 ||     3
       Invisible         |       |       |       |       |    11 ||    11
Armor: Animal skin       |     8 |       |       |       |       ||     8
       Leather armour    |       |     4 |       |       |       ||     4
       Ring mail         |       |    12 |     3 |       |       ||    15
       Plate armour      |       |       |   126 |   115 |   240 ||   481
Dodge: Dodged            |    48 |    50 |   151 |   122 |   379 ||   750
Block: Kite shield       |       |       |       |       |   348 ||   348
       Reflection        |       |       |       |       |    70 ||    70
       Other             |       |       |       |       |     5 ||     5

Table legend:
 A = Non-vault XP
 B = Vault XP
 C = Vault XP percentage of total XP
 D = Non-vault monster count
 E = Vault monster count
 F = Vault count percentage of total count
                 A         B        C        D         E       F
            +---------+---------+-------+---------+---------+-------
      Total |   99053 |   48368 |  32.8 |     539 |     164 |  23.3
            +---------+---------+-------+---------+---------+-------
        D:1 |      24 |       0 |   0.0 |      15 |       0 |   0.0
        D:2 |      62 |       0 |   0.0 |      19 |       0 |   0.0
        D:3 |     144 |       0 |   0.0 |      25 |       0 |   0.0
        D:4 |     631 |     281 |  30.8 |      26 |       3 |  10.3
        D:5 |     776 |       0 |   0.0 |      22 |       0 |   0.0
        D:6 |     506 |     136 |  21.2 |      23 |       2 |   8.0
        D:7 |     853 |       0 |   0.0 |      16 |       0 |   0.0
        D:8 |    1640 |     404 |  19.8 |      24 |       1 |   4.0
        D:9 |    2241 |    1019 |  31.3 |      26 |      18 |  40.9
       D:10 |    2823 |     450 |  13.7 |      16 |       1 |   5.9
       D:11 |    2515 |       0 |   0.0 |       9 |       0 |   0.0
       D:12 |    3569 |       0 |   0.0 |      16 |       0 |   0.0
       D:13 |    4749 |    7001 |  59.6 |      17 |       8 |  32.0
       D:14 |    9449 |    2425 |  20.4 |      24 |       4 |  14.3
       D:15 |    7594 |    3406 |  31.0 |      13 |      13 |  50.0
     Lair:1 |    1104 |     853 |  43.6 |       5 |       1 |  16.7
     Lair:2 |    4850 |     532 |   9.9 |      18 |       3 |  14.3
     Lair:3 |   12109 |    1102 |   8.3 |      38 |       6 |  13.6
     Lair:4 |    4720 |     394 |   7.7 |      15 |       1 |   6.2
     Lair:5 |    9542 |   19785 |  67.5 |      23 |      54 |  70.1
    Swamp:1 |    9270 |       0 |   0.0 |      19 |       0 |   0.0
    Swamp:2 |    9237 |    1305 |  12.4 |      21 |       1 |   4.5
      Orc:1 |    7191 |       0 |   0.0 |      77 |       0 |   0.0
      Orc:2 |    3454 |    9275 |  72.9 |      32 |      48 |  60.0
            +---------+---------+-------+---------+---------+-------
